 Dungeon Crawl Stone Soup version 0.32-a0-433-g08bcfe7 (webtiles) character file.

Game seed: 831684641548836068

3538 Nithhogg the Cleaver (level 9, -5/84 HPs)
             Began as a Mountain Dwarf Fighter on Feb 22, 2024.
             Was a Believer of Qazlal.
             Slain by a gargoyle
             ... wielding a +0 dire flail
              (23 damage)
             ... in a bailey.
             The game lasted 00:10:03 (7139 turns).

Nithhogg the Cleaver (Mountain Dwarf Fighter)       Turns: 7139, Time: 00:10:04

Health: -5/84      AC: 17    Str: 22    XL:     9   Next: 82%
Magic:  9/9        EV: 14    Int: 10    God:    Qazlal [**....]
Gold:   240        SH:  7    Dex:  9    Spells: 8/8 levels left

rFire   . . .        o - +1 mace (protect)
rCold   . . .        c - +0 buckler
rNeg    . . .        b - +0 scale mail
rPois   .            (no helmet)
rElec   .            (no cloak)
rCorr   .            l - +2 pair of gloves
SInv    .            (no boots)
Will    +....        (no amulet) Stlth
                     i - +5 ring of evasion
HPRegen 0.34/turn    (no ring)
MPRegen 0.11/turn

%: no passive effects
@: mighty, under a protective aura
A: runic magic, artefact enchanting, strong-willed 1, noise suppression
a: Renounce Religion, Upheaval


You were in a bailey.
You worshipped Qazlal.
Qazlal was pleased with you.
You visited 2 branches of the dungeon, and saw 8 of its levels.
You also visited: Bailey.

You collected 240 gold pieces.

Inventory:

Hand Weapons
 a - a +0 war axe
 h - a +1 hand axe of flaming
 o - a +1 mace of protection (weapon)
 q - a +1 war axe of venom
 v - the +9 spear of Cucial {drain, rF+ Str+3}
   (You found it on level 7 of the Dungeon)

   Str+3:     It affects your strength (+3).
   rF+:       It protects you from fire.
Missiles
 j - 3 darts of dispersal (quivered)
 m - 14 poisoned darts
Armour
 b - a +0 scale mail (worn)
 c - a +0 buckler (worn)
 l - a +2 pair of gloves (worn)
Jewellery
 i - a +5 ring of evasion (left hand)
Wands
 u - a wand of mindburst (13)
Scrolls
 e - 4 scrolls of identify
 f - 3 scrolls of vulnerability
 k - a scroll of amnesia
 n - a scroll of fear
 p - a scroll of teleportation
Potions
 d - a potion of might
 g - a potion of heal wounds
 r - a potion of curing
 s - a potion of mutation
 t - a potion of magic


   Skills:
 + Level 9.6 Fighting
 * Level 13.7 Axes
 - Level 3.2 Armour
 - Level 3.2 Shields


You had 8 spell levels left.
You didn't know any spells.
Your spell library contained the following spells:

 Spells                   Type           Power      Damage    Failure   Level
 Magic Dart               Conj           0%         1d3       52%         1
 Searing Ray              Conj           0%         2d4       65%         2
 Static Discharge         Conj/Air       0%         3-3/arc   65%         2
 Fugue of the Fallen      Necr           0%         N/A       87%         3
 Ozocubu's Armour         Ice            0%         N/A       87%         3
 Airstrike                Air            0%         2d(0-16)  99%         4
 Fulminant Prism          Conj/Alch      0%         3d5       99%         4
 Manifold Assault         Tloc           0%         N/A       99%         4
 Summon Lightning Spire   Summ/Air       0%         N/A       99%         4


Dungeon Overview and Level Annotations

Branches:
Dungeon (7/15)             Temple (1/1) D:5          Bailey (1/1)

Altars:
Ashenzari
Cheibriados
Dithmenos
Elyvilon
Fedhas
Gozag
Hepliaklqana
Kikubaaqudgha
Makhleb
Nemelex Xobeh
Okawaru
Qazlal
Ru
Sif Muna
Trog
Uskayaw
Xom
Yredelemnul
Zin
The Shining One

Shops:
D:2 [   D:3 =

Annotations:
D:3 1 runed translucent door, Caterwaul's ghost, amateur CoWr
D:5 1 runed translucent door, Crazy Yiuf


Innate Abilities, Weirdness & Mutations

Your spellcasting is much less encumbered by armour.
You can use scrolls of enchantment on lesser artefacts.
You are strong-willed. (Will+)
You passively dampen the noise of your surroundings.


Message History

The gargoyle is lightly damaged.
The gargoyle closely misses you.
You hit the gargoyle but do no damage.
The gargoyle is lightly damaged.
The gargoyle hits you with a +0 dire flail!!
You barely miss the gargoyle.
The gargoyle is lightly damaged.
The gargoyle hurls a stone arrow at you.
The stone arrow hits you!
* * * LOW HITPOINT WARNING * * *
You feel much better.
The gargoyle hurls a stone arrow at you.
You block the stone arrow.
You feel very mighty all of a sudden. The gargoyle barely misses you.
Your +1 mace of protection hums with potential!
o - a +1 mace of protection (weapon)
You hit the gargoyle.
Your weapon exudes an aura of protection.
The gargoyle is lightly damaged.
The gargoyle hurls a stone arrow at you.
The stone arrow hits you!!
* * * LOW HITPOINT WARNING * * *
You thump the gargoyle!
The gargoyle is moderately damaged.
You block the gargoyle's attack.
You completely miss the gargoyle.
The gargoyle is moderately damaged.
The gargoyle hits you but does no damage.
You hit the gargoyle.
The gargoyle is heavily damaged.
The gargoyle hits you with a +0 dire flail!
* * * LOW HITPOINT WARNING * * *
You sock the gargoyle!
The gargoyle is severely damaged.
The gargoyle closely misses you.
You barely miss the gargoyle.
The gargoyle is severely damaged.
The gargoyle hits you with a +0 dire flail!!
You die...

#####...'..####
#..#ß..#####..#...
+..#.......##'#...
+..#..............
#..#....♣........#
##..#....♣.♣♣......
##...#......♣.......
###.☼..##............#
#...9@..##....♣.......
#...##...##....♣..♣...
#..##....#..........♣.
#. #....##............
# #...##.........♣...
#......######......
#......#....#......
#ß.....#....#......
#####''###..#.....#


You could see a gargoyle.

Vanquished Creatures
  Pikel (D:6)
  Prince Ribbit (D:5)
  Sigmund (D:6)
  Eustachio (D:6)
  Menkaure (D:5)
  2 water moccasins
  A sky beast (D:6)
  4 black bears
  An ogre (D:5)
  A phantom (D:6)
  2 lemures (D:6)
  A kobold brigand (D:6)
  Blork the orc (D:6)
  2 scorpions
  A gnoll sergeant (D:6)
  7 vampire bats (Bailey)
  5 wolf zombies (Bailey)
  A bombardier beetle (D:6)
  7 hounds
  3 orc priests
  2 jellies
  Jessica (D:3)
  4 iguanas
  3 orc wizards
  10 gnolls
  7 adders
  A white imp (D:7)
  2 ufetubi (D:7)
  3 dart slugs
  3 ribbon worms
  16 orcs
  3 ball pythons
  8 endoplasms
  2 giant cockroaches
  9 goblins
  5 hobgoblins
  3 jackals (D:1)
  2 quokkas
  6 bats
  3 frilled lizards
  12 kobolds
  16 orc zombies (Bailey)
  3 rats
168 creatures vanquished.

Notes
Turn   | Place    | Note
-------+----------+-------------------------------------------
     0 | D:1      | Nithhogg the Mountain Dwarf Fighter began the quest for the
                  | Orb.
     0 | D:1      | Reached XP level 1. HP: 19/19 MP: 1/1
    84 | D:1      | Reached skill level 3 in Axes
    84 | D:1      | Reached XP level 2. HP: 26/26 MP: 2/2
   477 | D:1      | Reached XP level 3. HP: 33/33 MP: 3/3
   672 | D:2      | You fall into a shaft and drop 1 floor!
   839 | D:3      | Found a runed translucent door.
   993 | D:2      | Found Awoppow's Antique Armour Shop.
   999 | D:2      | Reached skill level 4 in Axes
  1196 | D:2      | Reached XP level 4. HP: 40/40 MP: 4/4
  1594 | D:3      | Found Javuz's Jewellery Boutique.
  1797 | D:3      | Noticed Jessica
  1804 | D:3      | Killed Jessica
  1805 | D:3      | Reached skill level 5 in Axes
  1968 | D:3      | Noticed Caterwaul's ghost (amateur CoWr)
  2205 | D:4      | Reached XP level 5. HP: 41/47 MP: 5/5
  2318 | D:4      | Reached skill level 6 in Axes
  2321 | D:4      | Reached skill level 5 in Fighting
  2386 | D:4      | Found a shimmering altar of Xom.
  2405 | D:4      | Gained mutation: Your system is resistant to poisons.
                  | (rPois) [potion of mutation]
  2405 | D:4      | Gained mutation: You passively dampen the noise of your
                  | surroundings. [potion of mutation]
  2405 | D:4      | Gained mutation: You have a pair of small antennae on your
                  | head. [potion of mutation]
  2405 | D:4      | Gained mutation: You are partially covered in iridescent
                  | scales. (AC +2) [potion of mutation]
  2411 | D:4      | Reached XP level 6. HP: 26/56 MP: 6/6
  2599 | D:4      | Lost mutation: You have a pair of small antennae on your
                  | head. [potion of mutation]
  2599 | D:4      | Lost mutation: You are partially covered in iridescent
                  | scales. (AC +2) [potion of mutation]
  2599 | D:4      | Lost mutation: Your system is resistant to poisons. (rPois)
                  | [potion of mutation]
  2599 | D:4      | Gained mutation: You are strong-willed. (Will+) [potion of
                  | mutation]
  2889 | D:4      | Noticed a water moccasin
  2905 | D:4      | Killed a water moccasin
  2906 | D:4      | Reached skill level 7 in Axes
  3071 | D:4      | Found a blossoming altar of Fedhas.
  3072 | D:4      | Found a burning altar of Makhleb.
  3479 | D:5      | Entered Level 5 of the Dungeon
  3549 | D:5      | Reached XP level 7. HP: 60/62 MP: 7/7
  3582 | D:5      | Reached skill level 8 in Axes
  3591 | D:5      | Found a shimmering blue altar of Sif Muna.
  3766 | D:5      | Noticed Prince Ribbit
  3779 | D:5      | Killed Prince Ribbit
  3780 | D:5      | Reached skill level 9 in Axes
  4070 | D:5      | Noticed Menkaure
  4074 | D:5      | Reached XP level 8. HP: 29/71 MP: 8/8
  4083 | D:5      | Killed Menkaure
  4295 | D:5      | Found a staircase to the Ecumenical Temple.
  4350 | Temple   | Entered the Ecumenical Temple
  4365 | Temple   | Became a worshipper of Qazlal Stormbringer
  4631 | D:5      | Reached skill level 10 in Axes
  4645 | D:5      | Found a runed translucent door.
  4646 | D:5      | Noticed Crazy Yiuf
  4875 | D:6      | Noticed Blork the orc
  4884 | D:6      | Killed Blork the orc
  4947 | D:6      | Noticed Pikel
  4960 | D:6      | Killed Pikel
  4961 | D:6      | Reached skill level 11 in Axes
  4982 | D:6      | Found a hazy altar of Hepliaklqana.
  5383 | D:6      | Reached XP level 9. HP: 81/81 MP: 9/9
  5777 | D:6      | Reached * piety under Qazlal
  5780 | D:6      | Reached skill level 12 in Axes
  6070 | D:6      | Noticed Eustachio
  6080 | D:6      | Killed Eustachio
  6134 | D:6      | Found a snail-covered altar of Cheibriados.
  6419 | D:6      | Noticed Sigmund
  6428 | D:6      | Killed Sigmund
  6771 | D:7      | Reached skill level 13 in Axes
  6841 | D:7      | Found a flagged portal.
  6854 | D:7      | Identified the +9 spear of Cucial {drain, rF+ Str+3}
  6859 | Bailey   | Entered a bailey
  6997 | Bailey   | Reached ** piety under Qazlal
  7116 | Bailey   | Noticed a gargoyle
  7139 | Bailey   | Slain by a gargoyle

Illustrated notes

Levels and vault maps discovered:
D:1:      minmay_arrival_doors, layout_loops_ring, minmay_domino_4
D:2:      layout_loops_ring, serial_shops, shop, grunt_decor_resistance
D:3:      layout_basic, serial_shops, shop, ebering_ghost_reflecting_pool,
          uniq_jessica
D:4:      layout_basic, xom_teletrap_fun, mainiacjoe_overflow_divided_tiny,
          cheibrodos_gnoll_hut
D:5:      layout_loops_ring, hellmonk_sif_muna_bookshelves,
          minmay_temple_entry_nine_rooms, grunt_ministairs_8, uniq_menkaure,
          uniq_prince_ribbit1, uniq_crazy_yiuf_cottage
D:6:      layout_layer_cave, lemuel_doored_altar, lemuel_round_altar,
          kennysheep_generic_room_15, uniq_sigmund, uniq_blork_the_orc,
          uniq_pikel, uniq_eustachio
D:7:      wander_guarded_unrand_ratskin, layout_loops_corners, enter_bailey_2,
          palyth_stone_intersect, uniq_joseph
Temple:   zaba_magenta_temple
Bailey:   bailey_polearm_vampire_castle_hellmonk, bailey

Skill      XL: |  1  2  3  4  5  6  7  8  9 |
---------------+----------------------------+-----
Axes           | 3 4 5 6 7 9 11 13 | 13.7
Fighting       | 4 5 6 8 9 |  9.6
Armour         | |  3.2
Shields        | |  3.2

Action                     |  1- 3 |  4- 6 |  7- 9 || total
---------------------------+-------+-------+-------++-------
  Melee: War axe           |    61 |       |   175 ||   236
         Hand axe          |    35 |   147 |    27 ||   209
         Spear             |       |       |   105 ||   105
         Mace              |       |       |     6 ||     6
    Use: Potion            |       |     4 |     3 ||     7
         Scroll            |       |     3 |     6 ||     9
 Armour: Scale mail        |    67 |    96 |   170 ||   333
         Skin              |       |    16 |       ||    16
  Dodge: Dodged            |    67 |    52 |   176 ||   295
  Block: Buckler           |    23 |    21 |    64 ||   108

Table legend: (Time is in decaauts)
 A = Elapsed time spent in this place.
 B = Non-inter-level travel time spent in this place.
 C = Inter-level travel time spent in this place.
 D = Time resting spent in this place.
 E = Time spent auto-exploring this place.
 F = Levels seen in this place.
 G = Mean time per level.
                   A        B        C        D        E       F      G
               +--------+--------+--------+--------+--------+-----+--------+
         Total |   7152 |   6938 |    214 |    210 |   5616 |   9 |  794.7 |
       Dungeon |   6866 |   6682 |    184 |    210 |   5477 |   7 |  980.9 |
        Temple |     30 |      1 |     29 |      0 |      0 |   1 |   30.0 |
        Bailey |    255 |    255 |      0 |      0 |    139 |   1 |  255.0 |
               +--------+--------+--------+--------+--------+-----+--------+

Top non-repeatable levels by time:
     D:6: 1657 daAuts
     D:5: 1588 daAuts
     D:4: 1345 daAuts
     D:2: 744 daAuts
     D:3: 734 daAuts
     D:1: 686 daAuts
  Bailey: 255 daAuts
     D:7: 109 daAuts
  Temple: 30 daAuts
